 Dungeon Crawl Stone Soup version 0.19-a0-1740-g0bcaf2e (webtiles) character file.

5531 Alarkh the Carver (level 10, -9/63 HPs)
             Began as a Mummy Necromancer on Oct 1, 2016.
             Was an Elder of Okawaru.
             Killed from afar by a gargoyle (17 damage)
             ... with a stone arrow
             ... on level 9 of the Dungeon.
             The game lasted 00:20:22 (12529 turns).

Alarkh the Carver (Mummy Necromancer)              Turns: 12529, Time: 00:20:23

Health: -9/63      AC:  8    Str: 11    XL:     10   Next: 43%
Magic:  19/19      EV: 11    Int: 18    God:    Okawaru [****..]
Gold:   445        SH:  0    Dex: 13    Spells: 4 memorised, 9 levels left

rFire  x . .     SeeInvis .     a - +0 scimitar
rCold  + . .     Gourm    .     o - +3 leather armour
rNeg   + + +     Faith    .     (no shield)
rPois  ∞         Spirit   .     j - +0 helmet
rElec  .         Dismiss  .     (no cloak)
rCorr  +         Reflect  .     D - +0 pair of gloves
MR     +....     Harm     .     (no boots)
Stlth  +++.......               (no amulet)
                                C - ring of resist corrosion
                                y - ring of stealth

@: no status effects
A: no food or potions, fire vulnerability, cold resistance 1, negative energy
resistance 3, torment resistance, unbreathing
a: Heroism, Renounce Religion


You were on level 9 of the Dungeon.
You worshipped Okawaru.
Okawaru was greatly pleased with you.
You were not hungry.

You visited 2 branches of the dungeon, and saw 11 of its levels.

You collected 445 gold pieces.

Inventory:

Hand Weapons
 a - a +0 scimitar (weapon)
 b - a +0 dagger of electrocution
 m - a +1 spear
 v - a +2 short sword of venom
 w - a +2 flail of crushing
 z - a +2 mace of protection
Armour
 j - a +0 helmet (worn)
 k - a +1 robe
 n - a +0 shield
 o - a +3 leather armour (worn)
 r - the +10 Black Knight's horse barding {ponderous, rPois rN+}
   (You found it on level 5 of the Dungeon)

   It protects you from poison.
   It protects you from negative energy.
 t - a +1 robe of magic resistance
 D - a +0 pair of gloves (worn)
Jewellery
 i - an uncursed ring of ice
 y - a ring of stealth (left hand)
 C - a ring of resist corrosion (right hand)
Wands
 f - a wand of teleportation (2/9)
 p - a wand of confusion (14/48)
 A - a wand of paralysis (8/24)
 B - a wand of teleportation (1/9)
 F - a wand of random effects (25/48)
Scrolls
 c - 4 scrolls of remove curse
 d - 2 scrolls of recharging
 e - a scroll of identify
 g - a scroll of enchant armour
 h - a scroll of fog
 l - 2 scrolls of noise
 q - a scroll of amnesia
 s - a scroll of torment {unknown}
 E - a scroll of enchant weapon
 G - a scroll of magic mapping {unknown}
 H - a scroll of teleportation
Books
 u - a book of Necromancy

   Spells                             Type                      Level
   a - Pain                           Necromancy                   1
   b - Animate Skeleton               Necromancy                   1
   c - Vampiric Draining              Necromancy                   3
   d - Regeneration                   Charms/Necromancy            3
   e - Animate Dead                   Necromancy                   4
   f - Control Undead                 Necromancy                   4
 x - a book of Changes

   Spells                             Type                      Level
   a - Beastly Appendage              Transmutation                1
   b - Sticks to Snakes               Transmutation                2
   c - Spider Form                    Transmutation/Poison         3
   d - Ice Form                       Ice/Transmutation            4
   e - Blade Hands                    Transmutation                5


   Skills:
 * Level 10.3 Long Blades
 - Level 1.5 Dodging
 - Level 1.5 Stealth
 - Level 6.4 Spellcasting
 - Level 8.0 Necromancy


You had 9 spell levels left.
You knew the following spells:

 Your Spells              Type           Power        Failure   Level  Hunger
a - Pain                  Necr           ####         1%          1    N/A
b - Vampiric Draining     Necr           ####......   1%          3    N/A
c - Control Undead        Necr           ####......   8%          4    N/A
d - Animate Dead          Necr           N/A          8%          4    N/A

Dungeon Overview and Level Annotations

Branches:
Dungeon (10/15)            Temple (1/1) D:4
   Lair: D:8-11         Orc: D:9-12

Altars:
Ashenzari
Cheibriados
Dithmenos
Elyvilon
Fedhas
Gozag
Hepliaklqana
Kikubaaqudgha
Makhleb
Nemelex Xobeh
Okawaru
Qazlal
Ru
Sif Muna
Trog
Uskayaw
Vehumet
Xom
Yredelemnul
Zin
The Shining One

Annotations:
D:7 exclusion: lava snake
D:9 Gastronok


Innate Abilities, Weirdness & Mutations

You do not eat or drink.
Your flesh is vulnerable to fire.
You are immune to poison.
Your flesh is cold resistant. (rC+)
You are immune to negative energy. (rN+++)
You are immune to unholy pain and torment.
You can survive without breathing.


Message History

The gargoyle closely misses you.
You riposte.
You barely miss the gargoyle.
The gargoyle is severely damaged.
You catch the helpless gargoyle completely off-guard!
You hit the gargoyle.
The gargoyle is severely damaged.
You completely miss the gargoyle.
The gargoyle is severely damaged.
You hit the gargoyle but do no damage.
The gargoyle is severely damaged.
You hit the gargoyle but do no damage.
The gargoyle is severely damaged.
The gargoyle seems less confused.
The gargoyle barely misses you.
Zapping:
p - a wand of confusion {zapped: 9} (will waste charges)
Press: ? - help, Shift-Dir - straight line, f/p - gargoyle
Aim: a gargoyle, wielding a morningstar of holy wrath (severely damaged, chance to defeat MR: 28%)
The gargoyle easily resists.
Evoking this partially-identified wand wasted a few charges.
The gargoyle hurls a stone arrow at you.
The stone arrow hits you!
You die...

.#...#....#§≈§§§#.#..............
##...#....#.≈≈≈§#...#...#########
..........#..≈..#...#...#...#....
..........##...##...#...#...#....
...........#####....#...#...#....
....................#...#...#####
..................>.#...#...#...#
....................#...#...#...#
................@...#.......#...#
).....).........9...#.......#....
..#......#...########...#...#....
..#.....<#...#..........#...#....
..#......#...#..........#...#....
..#......#...#..........#####....
..#......#...#..........#...#####
.........################.......#
....................#...#.......#


You could see a gargoyle.

Vanquished Creatures
  Grinder (D:4)
  A hippogriff (D:8)
  3 yaks (D:6)
  3 hungry ghosts (D:9)
  The ghost of Amnesiac the Cutter, an amateur FoEE (D:4)
  A water moccasin (D:7)
  Purgy (D:3)
  2 orc warriors
  A phantom (D:9)
  A wasp (D:8)
  3 sky beasts
  3 ice beasts
  4 ogres
  2 centaurs
  A crocodile (D:9)
  3 bullfrogs
  A water moccasin zombie (D:7)
  A scorpion (D:6)
  A water moccasin skeleton (D:7)
  8 killer bees
  7 wights (D:6)
  4 crimson imps
  A bullfrog zombie (D:9)
  5 hounds
  2 jellies
  8 orc priests
  11 orc wizards
  2 bullfrog skeletons (D:5)
  A centaur skeleton (D:5)
  Natasha (thrice) (D:4)
  6 worker ants
  2 hound skeletons
  A worker ant zombie (D:7)
  9 adders
  3 shadow imps
  A white imp (D:9)
  2 adder zombies
  2 adder skeletons
  5 worms
  A dart slug (D:5)
  10 leopard geckos
  41 orcs
  A ball python (D:2)
  5 bats
  2 giant cockroaches
  9 goblins
  5 hobgoblins
  10 jackals
  5 kobolds
  3 quokkas
  5 frilled lizards
  A giant cockroach zombie (D:5)
  6 rats
221 creatures vanquished.

Notes
Turn   | Place    | Note
-------+----------+-------------------------------------------
     0 | D:1      | Alarkh the Mummy Necromancer began the quest for the Orb.
     0 | D:1      | Reached XP level 1. HP: 13/13 MP: 3/3
   301 | D:1      | Reached XP level 2. HP: 19/19 MP: 1/5
  1237 | D:2      | Reached XP level 3. HP: 24/24 MP: 4/7
  1329 | D:2      | Learned a level 3 spell: Vampiric Draining
  1583 | D:2      | HP: 1/24 [adder (4)]
  1594 | D:2      | Reached XP level 4. HP: 2/30 MP: 0/8
  2234 | D:2      | Reached skill level 5 in Necromancy
  3339 | D:3      | Reached XP level 5. HP: 35/35 MP: 7/10
  3623 | D:4      | Noticed Natasha
  3630 | D:4      | Killed Natasha
  3658 | D:4      | Noticed Purgy
  3735 | D:3      | Killed Purgy
  3735 | D:3      | Reached XP level 6. HP: 22/41 MP: 0/12
  3860 | D:4      | Noticed Amnesiac's ghost (amateur FoEE)
  3898 | D:3      | Learned a level 4 spell: Control Undead
  3903 | D:3      | Learned a level 4 spell: Animate Dead
  4378 | D:4      | Reached skill level 5 in Spellcasting
  4422 | D:4      | Found a staircase to the Ecumenical Temple.
  4457 | Temple   | Entered the Ecumenical Temple
  4635 | Temple   | Became a worshipper of Warmaster Okawaru
  4669 | D:4      | Noticed Grinder
  4696 | D:4      | Killed Grinder
  4696 | D:4      | Reached XP level 7. HP: 23/46 MP: 7/15
  4725 | D:4      | Noticed Natasha
  4728 | D:4      | Killed Natasha
  4914 | D:4      | Noticed Natasha
  4919 | D:4      | Killed Natasha
  4919 | D:4      | Reached * piety under Okawaru
  4975 | D:5      | Entered Level 5 of the Dungeon
  5590 | D:4      | Found a staircase to the Ecumenical Temple.
  5987 | D:4      | Killed Amnesiac's ghost
  5987 | D:4      | Reached XP level 8. HP: 46/52 MP: 17/17
  6094 | D:6      | Reached skill level 1 in Long Blades
  6156 | D:6      | You fall through a shaft for 2 floors!
  6166 | D:8      | Reached ** piety under Okawaru
  6174 | D:8      | Noticed a hippogriff
  6189 | D:8      | Killed a hippogriff
  6189 | D:8      | Reached skill level 3 in Long Blades
  6581 | D:5      | Reached skill level 4 in Long Blades
  7177 | D:6      | Reached skill level 5 in Long Blades
  7331 | D:6      | Found an iron altar of Okawaru.
  7552 | D:7      | Reached XP level 9. HP: 57/57 MP: 14/18
  7666 | D:7      | Reached skill level 6 in Long Blades
  7781 | D:7      | Reached *** piety under Okawaru
  8360 | D:7      | Reached skill level 7 in Long Blades
  9060 | D:6      | Reached skill level 8 in Long Blades
  9386 | D:6      | Reached **** piety under Okawaru
  9989 | D:8      | Reached skill level 9 in Long Blades
 10107 | D:8      | Reached XP level 10. HP: 58/63 MP: 14/19
 10598 | D:9      | Found an opulent altar of Gozag.
 11009 | D:9      | Noticed Gastronok
 11451 | D:9      | Reached skill level 10 in Long Blades
 11976 | D:10     | Entered Level 10 of the Dungeon
 12059 | D:10     | Noticed a gargoyle
 12529 | D:9      | Killed from afar by a gargoyle

Vault maps used:
D:1:      dpeg_arrival_oval
D:2:      first_bread
D:4:      uniq_natasha, uniq_purgy, uniq_grinder
D:5:      serial_corexii_hall, corexii_hall_statues_t, corexii_hall_statues_x,
          corexii_hall_statues_s, corexii_hall_statues_s,
          kennysheep_generic_room_16
D:6:      okawaru_ov_weapons_minmay
D:7:      kennysheep_boxes
D:9:      nicolae_overflow_crystal_walls, minmay_fire_ice_demons, uniq_gastronok
D:10:     the_bakery
Temple:   regret_index_temple_chain_breaker

Skill      XL: |  1  2  3  4  5  6  7  8  9 10 |
---------------+-------------------------------+-----
Spellcasting   | 3 4 5 6 |  6.4
Necromancy     | 5 7 8 |  8.0
Long Blades    | 5 9 10 | 10.3
Dodging        | |  1.5
Stealth        | |  1.5

Action                   |  1- 3 |  4- 6 |  7- 9 | 10-12 || total
-------------------------+-------+-------+-------+-------++-------
Melee: Unarmed           |    11 |       |       |       ||    11
       Spear             |    17 |    38 |       |       ||    55
       Flail             |       |    16 |    18 |       ||    34
       Scimitar          |       |       |   305 |   241 ||   546
       Punch             |       |       |     1 |     1 ||     2
 Cast: Pain              |    68 |   125 |   176 |    47 ||   416
       Vampiric Draining |       |     6 |    28 |    16 ||    50
Invok: Heroism           |       |       |     7 |     2 ||     9
Evoke: Wand              |       |       |       |     5 ||     5
  Use: Scroll            |     1 |     6 |     5 |     3 ||    15
 Stab: Sleeping          |       |       |     2 |     2 ||     4
       Confused          |       |       |       |     3 ||     3
Armor: Robe              |    10 |    32 |       |       ||    42
       Leather armour    |       |       |   113 |    67 ||   180
Dodge: Dodged            |    33 |    66 |   218 |   101 ||   418
